AoeStats
← Chaac1706

Arabia

505325437Analyzed
1v1 RM · 25d ago on Sep 8, 2026· 44m 41s· 2 players
Game mode
Random Map
Map size
Tiny (2 player)
Population
200
Speed
Normal
Resources
Standard
Victory
Conquest
Starting age
Dark Age
Ending age
Imperial Age
RankedLock teamsTeams togetherTeam positionsShared explorationLock speedFull tech treeHidden civsTurbo modeCheats
Victory
Defeat
🇨🇴 Muisca · Colombia
1094
+15
🇧🇴 Spanish · Bolivia
1073
-15
Fceras12
6:27 Loom
9:19 Feudal Age
9:59 Double-Bit Axe
14:12 Wheelbarrow
13:22 Town Watch
22:35 Castle Age
22:12 Bloodlines
23:16 Scale Barding Armor
23:02 Horse Collar
24:06 Fletching
25:49 Husbandry
27:03 Town Patrol
31:20 Hand Cart
35:05 Imperial Age
35:19 Chain Barding Armor
35:07 Bodkin Arrow
36:59 Light Cavalry
39:51 Ballistics
40:03 Forging
41:19 Chemistry
41:25 Hussar
43:26 Iron Casting
44:15 Conscription
Chaac1706
5:19 Loom
8:44 Feudal Age
9:15 Double-Bit Axe
9:27 Champi Runner
14:37 Wheelbarrow
19:27 Castle Age
17:49 Gold Mining
20:08 Scale Mail Armor
20:43 Squires
21:36 Forging
22:46 Champi Warrior
23:24 Town Watch
26:36 Padded Archer Armor
26:55 Fletching
28:46 Atonement
29:08 Sanctity
28:17 Elite Skirmisher
29:51 Bodkin Arrow
33:16 Hand Cart
36:24 Imperial Age
34:57 Town Patrol
35:42 Redemption
38:35 Conscription
38:18 Herbalism
39:00 Leather Archer Armor
38:46 Bracer
39:39 Block Printing
39:59 Theocracy
39:02 Crossbowman
39:48 Thumb Ring
40:32 Arbalester
41:50 Ballistics
41:56 Huaracas
43:37 Siege Engineers
44:33 Chemistry
Connection lost

Rejoining the realm…

Still unreachable

The connection could not be restored.

Session expired

The server has moved on; the page needs a fresh start.